 Dungeon Crawl Stone Soup version 0.20-a0-760-g49f5558 (webtiles) character file.

67 polly the Insei (level 4, 27/33 HPs)
             Began as a Demonspawn Gladiator on Feb 25, 2017.
             Quit the game on level 2 of the Dungeon.
             The game lasted 00:01:20 (1464 turns).

polly the Insei (Demonspawn Gladiator)              Turns: 1464, Time: 00:01:21

Health: 27/33      AC:  4    Str: 15    XL:     4   Next: 0%
Magic:  4/4        EV: 15    Int:  9    God:
Gold:   65         SH:  0    Dex: 15    Spells: 3/3 levels left

rFire    . . .     SeeInvis .     - Unarmed
rCold    . . .     Gourm    .   a - +0 leather armour
rNeg     . . .     Faith    .   (no shield)
rPois    .         Spirit   .   b - +0 helmet
rElec    .         Reflect  .   (no cloak)
rCorr    .         Harm     .   (no gloves)
MR       .....                  (no boots)
Stlth    +.........             (no amulet)
Regen    0.2/turn               (no ring)
MPRegen  0.1/turn               (no ring)

@: no status effects
A: repulsion field 1, demonic guardian 1, spiny 1
a: no special abilities


You were on level 2 of the Dungeon.
You were not hungry.

You visited 1 branch of the dungeon, and saw 2 of its levels.

You collected 65 gold pieces.

Inventory:

Hand Weapons
 l - a +2 whip of distortion
Missiles
 c - 3 throwing nets (quivered)
Armour
 a - a +0 leather armour (worn)
 b - a +0 helmet (worn)
Jewellery
 i - an uncursed amulet of harm {unknown}
Scrolls
 f - a scroll of recharging {unknown}
 g - a scroll of remove curse {unknown}
 j - a scroll of blinking {unknown}
 k - 3 scrolls of identify {unknown}
Potions
 e - a potion of lignification
 h - a potion of resistance {unknown}
Comestibles
 d - 4 bread rations
 n - a meat ration


   Skills:
 + Level 2.2 Fighting
 + Level 2.1 Throwing
 + Level 1.0 Armour
 + Level 3.3 Dodging
 + Level 3.4 Unarmed Combat


You had 3 spell levels left.
You didn't know any spells.

Dungeon Overview and Level Annotations

Branches:
Dungeon (2/15)

Altars:


Innate Abilities, Weirdness & Mutations

You are surrounded by a mild repulsion field. (EV +2)
A weak demonic guardian rushes to your aid.
You are partially covered in sharp spines.


Message History

You hit the dart slug.
You kill the dart slug!
No target in view!
No target in view!
No target in view!
No target in view!
No target in view!
No target in view!
No target in view!
You see here a dart slug corpse.
A bat comes into view.
A bat is nearby!
A bat is nearby!
The bat is struck by your spines. The bat misses you.
The bat is struck by your spines.
You kill the bat!
You have reached level 4!
You feel agile.
Your demonic ancestry asserts itself...
You begin to radiate repulsive energy.
Are you sure you want to abandon this character and quit the game? (Confirm with "yes".)

... ##########....### #.
.....#.....######..####
## #........##
##....##.## #.........#
###.....## #.........#
#####..##### #.........#
#.......# # #.........#
#.#####.## #
#.........###.# #..# #
#......@....#.## ##.# #
#.........#....## #.# #
#...............# #)###
.............[..####...#
#...............†...##<.
##............†####..###
##............# ##..#
####.........# #...
#.........# ##.


There were no monsters in sight!

Vanquished Creatures
  An adder (D:2)
  A worm (D:2)
  2 dart slugs
  2 leopard geckos (D:1)
  5 bats
  A giant cockroach (D:1)
  3 hobgoblins (D:1)
  8 jackals
  9 kobolds
  A ball python (D:2)
  A frilled lizard (D:1)
  7 goblins
  5 rats (D:1)
46 creatures vanquished.

Notes
Turn   | Place    | Note
-------+----------+-------------------------------------------
     0 | D:1      | polly the Demonspawn Gladiator began the quest for the Orb.
     0 | D:1      | Reached XP level 1. HP: 16/16 MP: 1/1
    50 | D:1      | Gained mutation: You are partially covered in sharp spines. [demonic ancestry]
    50 | D:1      | Reached XP level 2. HP: 6/22 MP: 2/2
   813 | D:1      | Gained mutation: A weak demonic guardian rushes to your aid. [demonic ancestry]
   813 | D:1      | Reached XP level 3. HP: 18/27 MP: 3/3
  1362 | D:2      | Reached skill level 1 in Armour
  1463 | D:2      | Gained mutation: You are surrounded by a mild repulsion field. (EV +2) [demonic ancestry]
  1463 | D:2      | Reached XP level 4. HP: 27/33 MP: 4/4
  1464 | D:2      | Quit the game

Vault maps used:
D:1:      elethiomel_arrival_quiet, grunt_decor_clamped
D:2:      ashenzari_conservatory_becter

Skill      XL: |  1  2  3 |
---------------+----------+-----
Throwing       | 2 |  2.1
Unarmed Combat | 3 |  3.4
Dodging        | 3 |  3.3
Armour         | 1 |  1.0
Fighting       | |  2.2

Action                   |  1- 3 |  4- 6 || total
-------------------------+-------+-------++-------
Melee: Unarmed           |   126 |       ||   126
       Punch             |     2 |       ||     2
Throw: Throwing net      |     1 |       ||     1
  Use: Potion            |     1 |       ||     1
  Eat: Chunk             |     2 |       ||     2
Armor: Leather armour    |    32 |       ||    32
       Skin              |    10 |       ||    10
Dodge: Dodged            |    84 |       ||    84
